Cogmind - Beta 13 @@@ ROGUE MODE // 2024.04.14 @ 14:12:13 Player: jihakuz Result: Destroyed by Y-45 Defender with Beam Rifle Performance ------------- Evolutions (1) 500 Regions Visited (3) 600 Robots Destroyed (59) 295 Value Destroyed (1417) 1417 Prototype IDs (1) 20 Alien Tech Used (0) 0 Bonus (0) 0 TOTAL SCORE: 2832 Bonus ------- None Cogmind --------- Core Integrity 0/400 Matter 91/300 Energy 429/430 System Corruption 2% Temperature Cool (39) Movement Treading (160) Location -9/Storage Parts ------- > --- POWER (2) -------- Improved Ion Engine Improved Ion Engine > --- PROPULSION (2) --- Improved Treads Improved Treads > --- UTILITY (2) ------ Disposable Heat Sink Large Storage Unit > --- WEAPON (3) ------- Shotgun Mini Grenade Launcher Mini Grenade Launcher > --- INVENTORY (15) --- Light Ion Engine Light Ion Engine Light Treads Wheel Advanced Beam Cannon Improved Assault Rifle Improved Assault Rifle Grenade Launcher Mini Grenade Launcher Peak State ------------ > --- POWER ------------ Improved Ion Engine Improved Ion Engine > --- PROPULSION ------- Improved Treads Improved Treads > --- UTILITY ---------- Disposable Heat Sink Large Storage Unit > --- WEAPON ----------- Improved Assault Rifle Mini Grenade Launcher Mini Grenade Launcher > --- INVENTORY -------- Light Ion Engine Light Ion Engine Light Treads Aluminum Leg Aluminum Leg Wheel Advanced Beam Cannon Improved Assault Rifle Improved Assault Rifle Mini Grenade Launcher [Rating: 19] Favorites ----------- Power Improved Ion Engine Engine Improved Ion Engine Propulsion Aluminum Leg Treads Light Treads Leg Aluminum Leg Wheel Compact Wheel Utility Large Storage Unit Device Heat Sink Storage Large Storage Unit Processor Visual Processing Unit Protection Light Armor Plating Weapon EM Shotgun Energy Gun EM Shotgun Energy Cannon Beam Cannon Ballistic Gun Improved Assault Rifle Ballistic Cannon Light Cannon Launcher Mini Grenade Launcher Build | -11 -10 -9 -9 ------- Run | Yrd Mat Mat Sto Slots Evolved 2 | . . 2 . Power 1 | . . 1 . Propulsion . | . . . . Utility . | . . . . Weapon 1 | . . 1 . Parts Attached 53 | 7 14 23 9 Power 12 | 1 2 8 1 Engine 12 | 1 2 8 1 Core . | . . . . Reactor . | . . . . Propulsion 14 | 3 1 6 4 Treads 3 | . . 1 2 Leg 10 | 2 1 5 2 Wheel 1 | 1 . . . Hover . | . . . . Flight . | . . . . Utility 9 | 1 4 3 1 Device 4 | . 2 1 1 Storage 3 | 1 1 1 . Processor 1 | . 1 . . Hackware . | . . . . Protection 1 | . . 1 . Artifact . | . . . . Weapon 18 | 2 7 6 3 Energy Gun 6 | . 3 3 . Energy Cannon 1 | . 1 . . Ballistic Gun 8 | 2 2 2 2 Ballistic Cannon 1 | . 1 . . Launcher 2 | . . 1 1 Special Weapon . | . . . . Impact Weapon . | . . . . Slashing Weapon . | . . . . Piercing Weapon . | . . . . Special Melee Weapon . | . . . . Unidentified Prototypes 1 | . . 1 . Parts Lost 7 | . . 5 2 Power 2 | . . 1 1 Propulsion . | . . . . Utility 2 | . . 1 1 Weapon 3 | . . 3 . Highest Loss Streak 2 | . . 2 2 To Critical Strikes . | . . . . Average Slot Usage (%) 96 | . 97 98 93 Engine 19 | . 14 21 21 Treads 1 | . . 3 1 Leg 22 | . 28 18 19 Device 7 | . 11 5 5 Storage 12 | . 14 11 11 Protection 1 | . . 4 . Energy Gun 13 | . 6 27 . Ballistic Gun 11 | . 13 4 18 Ballistic Cannon 1 | . 5 . . Launcher 4 | . . . 14 Naked Turns . | . . . . Heaviest Build 44 | 13 17 44 42 Greatest Support 46 | 10 20 20 46 Greatest Overweight (x) 13 | 4 1 2 13 Average Overweight (x) 1 | 1 . 1 1 Largest Inventory Capacity 15 | 8 8 15 15 Average Capacity 12 | 7 8 14 15 Most Carried 15 | 6 8 15 11 Average Carried 9 | 4 7 10 9 Final Capacity 15 | 8 8 15 15 Final Carried 11 | 6 8 11 9 Class Distribution -------------------- 35% | Mutant 29% | Scavenger-Gunner 18% | Gunner 16% | Scavenger-Tank Dominant Class ---------------- Mutant | -10/Materials Scavenger-Tank | -9/Materials Scavenger-Gunner | -9/Storage Resources | -11 -10 -9 -9 ----------- Run | Yrd Mat Mat Sto Matter Collected 1073 | 287 296 289 201 Remotely 215 | . 215 . . Salvage Created 1910 | 112 249 1134 415 Parts 152 | 3 17 91 41 Haulers Intercepted 1 | . . . 1 Recyclers Shooed 1 | . . 1 . Parts Field Recycled . | . . . . Retrieved Matter . | . . . . Parts Self-Destructed . | . . . . Prevented . | . . . . Kills | -11 -10 -9 -9 ------- Run | Yrd Mat Mat Sto Combat Hostiles Destroyed 35 | . 8 16 11 Guns 25 | . 4 15 6 Cannons 4 | . 4 . . AOE 6 | . . 1 5 Classes Destroyed 10 | 2 3 3 2 Worker 5 | . . 3 2 Builder 7 | . . 6 1 Tunneler 2 | 1 . 1 . Hauler 1 | . . . 1 Recycler 2 | 1 . 1 . Operator 1 | . . . 1 Watcher 6 | . 1 4 1 Swarmer 6 | . 3 . 3 Grunt 20 | . 5 10 5 Sentry 9 | . . 6 3 Best Kill Streak 5 | 2 4 4 5 Combat Bots Only 4 | . 4 3 3 Max Kills in Single Turn 3 | 1 1 3 2 Gunslinging . | . . . . Exploded 1 | . . 1 1 Melee . | . . . . Uniques/NPCs Destroyed . | . . . . Combat | -11 -10 -9 -9 -------- Run | Yrd Mat Mat Sto Hostile Shots Fired 199 | . 59 78 62 Missed 60 | . 19 23 18 Damage Taken 2314 | . 444 860 1010 Core 466 | . 62 152 252 Absorbed by Shields . | . . . . Core Remaining (%) 87 | 100 75 . . Volleys Fired 126 | 9 46 43 28 Largest 3 | 2 2 3 3 Hottest 135 | 40 80 135 83 Shots Fired 289 | 18 83 120 68 Gun 239 | 18 53 119 49 Cannon 30 | . 30 . . Launcher 20 | . . 1 19 Special . | . . . . Kinetic 151 | 18 68 16 49 Thermal 15 | . 15 . . Explosive 20 | . . 1 19 Electromagnetic 103 | . . 103 . Robot Hit Streak 12 | 7 8 12 5 Robot Miss Streak 4 | 2 4 3 3 Penetration Max . | . . . . Secondary Targets . | . . . . Shots Hit Robots 172 | 12 39 86 35 Core Hits 106 | 4 16 58 28 Critical Kills . | . . . . Critical Parts Destroyed . | . . . . Critical Strikes 1 | . 1 . . Blast 1 | . 1 . . Melee Attacks . | . . . . Impact . | . . . . Slashing . | . . . . Piercing . | . . . . Sneak Attacks . | . . . . Combat Hostiles . | . . . . Follow-up Attacks . | . . . . Damage Inflicted 3267 | 137 551 1507 1072 Guns 2051 | 131 293 1208 419 Cannons 252 | . 252 . . Explosions 914 | . . 285 629 Melee . | . . . . Ramming 50 | 6 6 14 24 Kinetic 1193 | 131 451 192 419 Thermal 379 | . 94 285 . Explosive 629 | . . . 629 Electromagnetic 1016 | . . 1016 . Impact . | . . . . Slashing . | . . . . Piercing . | . . . . Highest Corruption 2 | . . . 2 Average Corruption 2 | . . . 2 Corruption Purged . | . . . . Corruption Blocked . | . . . . Effects 11 | . . . 11 Message Errors 3 | . . . 3 Matter Fused 1 | . . . 1 Heat Flow Errors 3 | . . . 3 Data Loss (minor) 3 | . . . 3 Weapon Failures 1 | . . . 1 Overload Shots . | . . . . Overflow Damage 49 | . . 49 . Projectiles . | . . . . Explosions 49 | . . 49 . Melee . | . . . . Knockbacks 4 | . 3 . 1 Impact 1 | . . . 1 Kinetic 3 | . 3 . . Secondary . | . . . . Self-Inflicted Damage 525 | . . 77 448 Shots 17 | . . 3 14 Rammed 1 | . . . 1 Targets Rammed 17 | 4 3 5 5 Kicked 16 | 4 3 5 4 Crushed . | . . . . Highest Temperature 401 | . 262 401 183 Average Temperature 102 | . 84 123 61 Received Heat Transfer 810 | . 207 345 258 Effects 6 | . 3 3 . Shutdowns 2 | . . 2 . Interference 4 | . 3 1 . Siege Activations . | . . . . Robots Corrupted . | . . . . Combat Hostiles . | . . . . Parts Fried 4 | . . 4 . Impact Corruptions . | . . . . Robots Melted . | . . . . Combat Hostiles . | . . . . Parts Melted . | . . . . Heat Transferred 598 | . 198 400 . Parts Sabotaged . | . . . . Parts Stolen . | . . . . Parts Stripped . | . . . . Power Chain Reactions 5 | . . 5 . Alert | -11 -10 -9 -9 ------- Run | Yrd Mat Mat Sto Peak Influence 446 | 10 165 280 446 Initial 118 | . 6 27 118 Average 148 | 3 48 145 304 Maximum Alert Level 2 | . . 1 2 Low Security (%) 66 | 100 100 73 8 Level 1 32 | . . 26 88 Level 2 . | . . . 2 Level 3 . | . . . . Level 4 . | . . . . Level 5 . | . . . . High Security . | . . . . Max Security . | . . . . Squads Dispatched 7 | . 3 1 3 Investigation . | . . . . Extermination . | . . . . Reinforcement 7 | . 3 1 3 Assault . | . . . . Garrison . | . . . . Intercept . | . . . . Searches Triggered . | . . . . Construction Impeded 2 | . . . 2 Haulers Reinforced . | . . . . Active Scanning Responses . | . . . . Cargo Convoy Interrupts . | . . . . Stealth | -11 -10 -9 -9 --------- Run | Yrd Mat Mat Sto Distress Signals 5 | . 1 3 1 Communications Jammed . | . . . . Distress Signals . | . . . . Times Spotted 56 | . 16 22 18 Peak Tracking Total 5 | . 5 5 5 Tactical Retreats 1 | . . 1 . Traps | -11 -10 -9 -9 ------- Run | Yrd Mat Mat Sto Traps Triggered 1 | . . . 1 Indirectly . | . . . . Trap Hack Attempts . | . . . . Triggered . | . . . . Disarmed . | . . . . Reprogrammed . | . . . . Reused . | . . . . Traps Extracted . | . . . . Installed . | . . . . Triggered . | . . . . Machines | -11 -10 -9 -9 ---------- Run | Yrd Mat Mat Sto Machines Disabled 4 | . . 1 3 Max in Single Turn 1 | . . 1 1 Machines Repaired . | . . . . Machines Dismantled . | . . . . Machines Sabotaged . | . . . . Overloaded Fab Kills . | . . . . Hacking | -11 -10 -9 -9 --------- Run | Yrd Mat Mat Sto Machines Accessed . | . . . . Terminals . | . . . . Fabricators . | . . . . Repair Stations . | . . . . Recycling Units . | . . . . Scanalyzers . | . . . . Garrison Access . | . . . . Total Hacks . | . . . . Successful . | . . . . Failed . | . . . . Catastrophic . | . . . . Database Lockouts . | . . . . Manual . | . . . . Terminals . | . . . . Fabricators . | . . . . Repair Stations . | . . . . Recycling Units . | . . . . Scanalyzers . | . . . . Garrison Access . | . . . . Terminal Hacks . | . . . . Fabricator Hacks . | . . . . Repair Station Hacks . | . . . . Recycling Unit Hacks . | . . . . Scanalyzer . | . . . . Garrison Access Hacks . | . . . . Unauthorized Hacks . | . . . . Terminals . | . . . . Fabricators . | . . . . Repair Stations . | . . . . Recycling Units . | . . . . Scanalyzers . | . . . . Garrison Access . | . . . . Data Cores Recovered . | . . . . Used . | . . . . Hacking Detections . | . . . . Full Trace Events . | . . . . Feedback Events . | . . . . Feedback Blocked . | . . . . Robot Schematics Acquired . | . . . . Robots Built . | . . . . Authchips . | . . . . Time . | . . . . Total Robot Build Rating . | . . . . Part Schematics Acquired . | . . . . Parts Built . | . . . . Authchips . | . . . . Time . | . . . . Total Part Build Rating . | . . . . Parts Repaired . | . . . . Time . | . . . . Parts Recycled . | . . . . Recycled Matter . | . . . . Retrieved Matter . | . . . . Retrieved Components . | . . . . Parts Scanalyzed . | . . . . Part Schematics Acquired . | . . . . Parts Damaged . | . . . . Bothacking | -11 -10 -9 -9 ------------ Run | Yrd Mat Mat Sto Used RIF Installer . | . . . . Robots Hacked . | . . . . Non-combat . | . . . . Combat . | . . . . Robot Hacks Applied . | . . . . Relay Couplers Released . | . . . . Fabnet Peak Effective % . | . . . . Robots Rewired . | . . . . Allies Hacked . | . . . . Hacks Repelled . | . . . . Allies | -11 -10 -9 -9 -------- Run | Yrd Mat Mat Sto Total Allies . | . . . . Largest Group . | . . . . Highest-Rated Group . | . . . . Highest-Rated Ally . | . . . . Total Orders . | . . . . Ally Attacks . | . . . . Total Damage . | . . . . Kills . | . . . . Allies Corrupted . | . . . . Allies Melted . | . . . . Intel | -11 -10 -9 -9 ------- Run | Yrd Mat Mat Sto Robot Analysis Total . | . . . . Derelict Logs Recovered . | . . . . Drone Launches . | . . . . Drone Recoveries . | . . . . Exploration | -11 -10 -9 -9 ------------- Run | Yrd Mat Mat Sto Turns Passed 3070 | 158 972 1155 785 Spaces Moved 1277 | 68 491 418 300 Core 22 | 20 . . 2 Treads 153 | . . 120 33 Legs 1102 | 48 491 298 265 Wheels . | . . . . Hover . | . . . . Flight . | . . . . Fastest Speed 50 | 50 120 190 160 Average Speed 197 | 161 160 229 221 Slowest Speed 700 | 250 190 260 700 Overloaded Moves . | . . . . Propulsion Burnouts . | . . . . Robots Hopped . | . . . . Cave-ins Triggered . | . . . . Exploration Rate (%) 41 | 6 74 33 51 Regions Visited 3 Branch Regions 1 Pre-discovered Areas . | . . . . Known Exits Taken . | . . . . Unknown Exits Taken 3 | 1 1 1 . Scrap Searched . | . . . . Spaces Dug 6 | . . . 6 Terrain Destroyed 148 | . . 19 129 Melee . | . . . . Projectile . | . . . . AOE 148 | . . 19 129 Terrain Rammed . | . . . . Walls Destroyed . | . . . . Machines Disabled . | . . . . Actions | -11 -10 -9 -9 --------- Run | Yrd Mat Mat Sto Total 1571 | 94 599 513 365 Wait 21 | . 17 . 4 Move 1274 | 67 490 417 300 Hop . | . . . . Pick Up 27 | 6 7 10 4 Fast Attach 23 | 6 9 2 6 Attach 14 | 1 2 10 1 Detach 16 | 1 7 3 5 Swap 16 | . 3 11 2 Drop 37 | . 15 12 10 Fire 126 | 9 46 43 28 Melee . | . . . . Ram . | . . . . Kick 16 | 4 3 5 4 Crush 1 | . . . 1 Escape Stasis . | . . . . Rewire . | . . . . Trap . | . . . . Miscellaneous . | . . . . Route ------- -11/Scrapyard -10/Materials (discovered 3 exits: *Mat x2 / [*Min]) -9/Materials (discovered 3 exits: [*Min x2] / [*Sto]) -9/Storage History --------- Turn | Location | Event 32 | -11/Scrapyard | Discovered new exit (range 16) 159 | -11/Scrapyard | Entered Materials 303 | -10/Materials | Build established: Mutant 316 | -10/Materials | Discovered new exit (range 16) 527 | -10/Materials | Discovered new exit (range 9) 1093 | -10/Materials | Discovered new exit (range 5) 1131 | -10/Materials | Entered another Materials area 1131 | -9/Materials | Evolved 2 slots: Power x1, Weapon x1 1133 | -9/Materials | Discovered new exit (range 7) 1403 | -9/Materials | Build established: Gunner 1423 | -9/Materials | Discovered new exit (range 7) 1875 | -9/Materials | Build established: Scavenger-Tank 2170 | -9/Materials | Discovered new exit (range 16) 2286 | -9/Materials | Entered Storage 2368 | -9/Storage | Core integrity fell below 50% 2386 | -9/Storage | Build established: Scavenger-Gunner 2781 | -9/Storage | Core integrity fell below 20% 3071 | -9/Storage | Destroyed by Y-45 Defender with Beam Rifle Last Messages --------------- Dropped Aluminum Leg. Acquired Grenade Launcher. Dropped Imp. Assault Rifle. Acquired Shotgun. R-06 Scavenger collects Imp. Assault Rifle. R-06 Scavenger collects Aluminum Leg. O-16 Technician: "IFF HANDSHAKE FAILED. SECURING TERMINAL." O-16 Technician uses terminal to summon reinforcements. ALERT: Hostiles spotted, dispatching reinforcements to Terminal S003. O-16 Technician locks terminal. 7 BKRERZ>HPKA4O Slammed into O-16 Technician. O-16 Technician knocked back. System corrupted: Mni. Grenade Launcher failed to launch. Component Storage disabled. Critical hit (Burn: +37). Map ----- +----------------------------------------------------+ | | | | | | | | | | | | | | | | | | | ???????????????????????????????????? | | ???????????????????????????????????? | | ???????????????????????????????????? | | ???????????????????????????????????? | | ???????????????????????????????????? | | ???????????????????????????????????? | | ???????????????????????????????????? | | ???????????????????????????????????? | | ???????????????????????????????????? | | ???????????????????????##?###??????? | | ??????????????????????## # ###????? | | ?????????????????????## #????? | | ?????????????????????# ##???? | | ?????????????????????# #???? | | ?????????????????????# Y #????? | | ??????????????????+### % #????? | | ??????????????????? # @ #???? | | ??????????????????? + "" " #????? | | ??????????????????? # "T """ #????? | | #####???##########?# # "" """ #????? | | #???# #?# # "" #????? | | #???# """" ### # #????? | | #???# "= [ ### #+########????? | | #???# "" ### #???????????? | | #???# " ! # # #???????????? | | #???# "!] ### #???????????? | | #???# """" ### #???????????? | | #???# + #???????????? | | #???# # #???????????? | | +############+#### ###?????????? | | #?????????? | | +?????????? | | #?????????? | | +###################+###+#?????????? | | #????????#### ??????????? | | ! #???????????? """"" #?????????? | | ! #???????????? """"" ""????????? | | ! #???????????? """"" T"????????? | | #????????????] ??????????? | | #???????????? """?????????????? | | #???????????# """?????????????? | +----------------------------------------------------+ Best States ------------- Heat Dissipation 38 Coolant Potential 50 Energy Generation 19 Energy Capacity 430 Matter Stores 300 Matter Capacity 300 Sight Range 18 Terrain Scan Density 10 Armor Coverage 150 Evasion (%) 55 Recoil Reduction 2 Item Schematics ----------------- None Robot Schematics ------------------ None Fabricated ------------ Nothing Alien Tech Used ----------------- None Achievements -------------- None Challenges ------------ None Game ------ Seed CorruptionGatlingNeutralizer Manual? 0 Play Time 00:22:45 Cumulative 4.2 hours Start 2024.04.14 @ 13:50:20 End 2024.04.14 @ 14:12:13 Sessions 1 Manual Loads 0 Difficulty Rogue Special Mode None Game No. 10 Rogue 10 Adventurer 0 Explorer 0 Win Type - Total 0 Types 0/0/0/0/0/0/0/0/0 Lore% 1 Gallery% 11 Achievement% 8 Wizard Run 0 Options --------- Layout 1 ASCII 1 Keyboard 1 Movement Vi Keybinds 0 Fullscreen 1 Font 24/Proggy Map View 50x35 Zoom Use 0% Tactical HUD 0 Map Filters NONE Filters NONE Steam 0 RUN: f2dae2a5-6e37-4860-b016-7ef5f2ac6930